 Dungeon Crawl Stone Soup version 0.30-a0-55-g90e3122c3a (webtiles) character file.

Game seed: 9209259931504833449

2343 Newt the Trooper (level 9, -5/69 HPs)
             Began as a Demonspawn Gladiator on Sept 9, 2022.
             Was a Believer of Okawaru.
             Slain by a yak (13 damage)
             ... on level 8 of the Dungeon.
             The game lasted 00:10:34 (9430 turns).

Newt the Trooper (Demonspawn Gladiator)             Turns: 9430, Time: 00:10:35

Health: -5/69      AC: 16    Str: 18    XL:     9   Next: 20%
Magic:  9/9        EV: 18    Int:  9    God:    Okawaru [**....]
Gold:   372        SH:  0    Dex: 16    Spells: 8/8 levels left

rFire   . . .      SeeInvis +    J - +2 whip (freeze)
rCold   . . .      Faith    .    (no shield)
rNeg    . . .      Spirit   .    x - +4 ring mail of Guprorph {Drain rElec Stlth+}
rPois   .          Reflect  .    B - +1 helmet
rElec   +          Harm     .    (no cloak)
rCorr   .          Rampage  .    M - +1 pair of gloves
Will    .....                    L - +1 pair of boots
Stlth   +++.......               j - amulet of magic regeneration
HPRegen 0.21/turn                z - ring of see invisible
MPRegen 0.51/turn                (no ring)

@: agile
A: claws 1, powered by pain 2, sturdy frame 1
a: Renounce Religion, Heroism


You were on level 8 of the Dungeon.
You worshipped Okawaru.
Okawaru was pleased with you.
You visited 2 branches of the dungeon, and saw 9 of its levels.

You collected 476 gold pieces.
You spent 104 gold pieces at shops.

Inventory:

Hand Weapons
 a - a +1 rapier of draining
 I - a +2 whip of freezing
 J - a +2 whip of freezing (weapon)
Missiles
 o - 11 boomerangs (quivered)
 r - 29 poisoned darts
 G - 5 curare-tipped darts
Armour
 b - a +0 leather armour
 c - a +0 helmet
 h - a +0 pair of gloves
 s - a +0 plate armour
 x - the +4 ring mail of Guprorph (worn) {Drain rElec Stlth+}
   (You found it on level 2 of the Dungeon)

   rElec:     It insulates you from electricity.
   Drain:     It drains your maximum health when unequipped.
   Stlth:     It makes you more stealthy.
 B - a +1 helmet (worn)
 L - a +1 pair of boots (worn)
 M - a +1 pair of gloves (worn)
Jewellery
 j - an amulet of magic regeneration (around neck)
 z - a ring of see invisible (left hand)
 D - an amulet of faith
 R - a +4 ring of evasion
Wands
 N - a wand of flame (11)
 O - a wand of roots (11)
 P - a wand of mindburst (16)
 Q - a wand of digging (5)
Scrolls
 k - 6 scrolls of noise
 l - a scroll of torment
 m - 2 scrolls of immolation
 n - 3 scrolls of magic mapping
 q - a scroll of amnesia
 t - a scroll of vulnerability
 u - 3 scrolls of poison
 v - 3 scrolls of brand weapon
 w - 3 scrolls of butterflies
 y - 3 scrolls of teleportation
Potions
 e - a potion of magic
 f - 2 potions of haste
 g - 2 potions of curing
 i - 2 potions of lignification
 C - 5 potions of degeneration
 E - 2 potions of brilliance {unknown}
 F - a potion of mutation
 K - a potion of might {unknown}


   Skills:
 - Level 6.0 Fighting
 - Level 4.0 Short Blades
 - Level 6.0 Maces & Flails
 - Level 4.0 Throwing
 + Level 5.0 Armour
 - Level 4.0 Dodging
 - Level 2.0 Stealth


You had 8 spell levels left.
You didn't know any spells.
Your spell library contained the following spells:

 Spells                   Type           Power      Damage    Failure   Level
 Ensorcelled Hibernation  Hex/Ice        0%         N/A       61%         2
 Passwall                 Tmut/Erth      0%         N/A       61%         2
 Sublimation of Blood     Necr           0%         N/A       61%         2
 Dazzling Flash           Conj/Hex       0%         N/A       83%         3
 Swiftness                Air            0%         N/A       83%         3
 Iskenderun's Mystic Bla  Conj/Tloc      0%         2d3       99%         4
 Petrify                  Tmut/Erth      0%         N/A       99%         4
 Irradiate                Conj/Tmut      0%         3d11      100%        5
 Starburst                Conj/Fire      0%         6d3       100%        6


Dungeon Overview and Level Annotations

Branches:
Dungeon (8/15)             Temple (1/1) D:5            Lair (0/5) D:8

Altars:
Ashenzari
Cheibriados
Dithmenos
Fedhas
Hepliaklqana
Kikubaaqudgha
Makhleb
Nemelex Xobeh
Okawaru
Qazlal
Ru
Sif Muna
Trog
Uskayaw
Vehumet
Wu Jian
Xom
Yredelemnul

Shops:
D:2 ?   D:3 *   D:6 [**:(*


Innate Abilities, Weirdness & Mutations

You have sharp fingernails.
You sometimes gain power by taking damage.
Your movements are slightly less encumbered by armour. (ER -2)


Message History

The yak is heavily wounded.
You hit the yak but do no damage.
The yak is heavily wounded.
The yak gores you!
* * * LOW HITPOINT WARNING * * *
You feel much better. The yak completely misses you.
Unknown command.
You hit the yak but do no damage.
The yak is heavily wounded.
The yak misses you.
You hit the yak but do no damage.
The yak is heavily wounded.
The yak gores you.
You hit the yak. You freeze the yak.
The yak is severely wounded.
The yak closely misses you.
You hit the yak but do no damage.
The yak is severely wounded.
You hit the yak. You freeze the yak. You punch the yak.
The yak is almost dead.
The yak barely misses you.
You barely miss the yak.
The yak is almost dead.
The yak gores you!
* * * LOW HITPOINT WARNING * * *
You hit the yak. You freeze the yak.
The yak is almost dead.
The yak barely misses you.
You hit the yak but do no damage.
The yak is almost dead.
The yak gores you!
* * * LOW HITPOINT WARNING * * *
Unknown command.
Aiming: Throw Flame
Press: ? - help, Q - select action, (/) - cycle Shift-Dir - straight line, f/p - yak
Aim: a yak (almost dead, 81% to hit)
The puff of flame hits the yak but does no damage.
The yak is almost dead.
The yak gores you!
You die...

#.######### #.#
#.############
#..
#...........<#
#.#
..##########u#
#.# #.# #Y# #..
#.# #.# #.#
#.########
#.######.## ....
....##(.(Y@.#..#
#.####
#..#.####...#
.....####....#
###.##
.P....P##..###
#..#
..P.P...#..#
#.##
.....PP.#o.#
#.##
.....)....Y#
#..#
####.......#
#.####
'..#.......#
#..#.#.#...


You could see a yak.

Vanquished Creatures
  3 yaks (D:8)
  2 water moccasins
  An ice beast (D:5)
  3 centaurs
  A phantom (D:4)
  3 kobold brigands
  4 bullfrogs (D:8)
  A scorpion (D:7)
  2 necrophages
  3 howler monkeys
  3 jellies
  A gnoll bouda (D:5)
  5 hounds
  3 orc wizards
  An iguana (D:6)
  7 gnolls
  4 adders
  An ufetubus (D:5)
  A worm (D:4)
  2 dart slugs (D:4)
  19 orcs
  8 endoplasms
  2 giant cockroaches
  3 goblins
  11 hobgoblins
  3 jackals (D:1)
  16 kobolds
  3 quokkas
  7 ball pythons
  2 bats
  6 frilled lizards
  A rat (D:1)
132 creatures vanquished.

Vanquished Creatures (others)
  8 fungi (D:8)
  11 plants (D:8)
19 creatures vanquished.

Grand Total: 151 creatures vanquished

Notes
Turn   | Place    | Note
-------+----------+-------------------------------------------
     0 | D:1      | Newt the Demonspawn Gladiator began the quest for the Orb.
     0 | D:1      | Reached XP level 1. HP: 16/16 MP: 1/1
    83 | D:1      | Reached skill level 1 in Stealth
   402 | D:1      | Gained mutation: You have sharp fingernails. [demonic
                  | ancestry]
   402 | D:1      | Reached XP level 2. HP: 7/22 MP: 2/2
  1475 | D:1      | Found a faded altar of an unknown god.
  1866 | D:2      | Gained mutation: You sometimes gain a little power by
                  | taking damage. [demonic ancestry]
  1866 | D:2      | Reached XP level 3. HP: 23/28 MP: 3/3
  2106 | D:2      | Found Uwuefima's Magic Scroll Emporium.
  2120 | D:2      | Bought a scroll of identify for 24 gold pieces
  2120 | D:2      | Bought a scroll of identify for 24 gold pieces
  2139 | D:2      | Identified the +4 ring mail of Guprorph {Drain rElec
                  | Stlth+}
  2536 | D:2      | Bought a scroll of noise for 12 gold pieces
  2536 | D:2      | Bought a scroll of identify for 24 gold pieces
  2961 | D:3      | Found Tucioc's General Store.
  2976 | D:3      | Bought a scroll of identify for 20 gold pieces
  3237 | D:3      | Reached XP level 4. HP: 31/37 MP: 4/4
  4173 | D:4      | Reached XP level 5. HP: 41/42 MP: 5/5
  4287 | D:4      | Noticed a phantom
  4305 | D:4      | Reached XP level 6. HP: 45/48 MP: 6/6
  4325 | D:4      | Reached skill level 1 in Armour
  4727 | D:5      | Entered Level 5 of the Dungeon
  4730 | D:5      | Noticed a water moccasin
  4752 | D:5      | Killed a water moccasin
  4753 | D:5      | Gained mutation: You sometimes gain power by taking damage.
                  | [demonic ancestry]
  4753 | D:5      | Reached XP level 7. HP: 33/54 MP: 7/7
  5330 | D:5      | Found a staircase to the Ecumenical Temple.
  5359 | Temple   | Entered the Ecumenical Temple
  5516 | Temple   | Became a worshipper of Warmaster Okawaru
  6091 | D:6      | Found Hizack's Antique Armour Shoppe.
  6092 | D:6      | Found Maomp's Assorted Antiques.
  6093 | D:6      | Found Dess's Book Boutique.
  6093 | D:6      | Found Kouddeig's Weapon Shop.
  6094 | D:6      | Found Lealliuxiy's General Store.
  6094 | D:6      | Found Fogin's Assorted Antiques.
  6256 | D:6      | You fall into a shaft and drop 1 floor!
  6735 | D:6      | Reached skill level 5 in Fighting
  6735 | D:6      | Reached XP level 8. HP: 20/62 MP: 8/8
  7140 | D:6      | Reached * piety under Okawaru
  7776 | D:7      | Reached skill level 1 in Maces & Flails
  8538 | D:8      | Noticed a white ugly thing
  8558 | D:8      | Reached ** piety under Okawaru
  8861 | D:8      | Reached skill level 5 in Maces & Flails
  9120 | D:8      | Found a shimmering blue altar of Sif Muna.
  9206 | D:8      | Found a staircase to the Lair.
  9371 | D:8      | Gained mutation: Your movements are slightly less
                  | encumbered by armour. (ER -2) [demonic ancestry]
  9371 | D:8      | Reached XP level 9. HP: 36/69 MP: 9/9
  9404 | D:8      | Reached skill level 5 in Armour
  9404 | D:8      | HP: 3/69 [yak (7)]
  9430 | D:8      | Slain by a yak

Illustrated notes

Levels and vault maps discovered:
D:1:      onia_arrival_mini_maze, layout_basic,
          ebering_ecumenical_altar_petrified
D:2:      layout_basic, serial_shops, shop, kennysheep_another_room,
          corner_web_ring
D:3:      layout_basic, serial_rivers, chequers_serial_rivers_small_a,
          chequers_serial_rivers_micro_e, chequers_serial_rivers_small_b,
          chequers_serial_rivers_micro_c, chequers_serial_rivers_marsh,
          chequers_serial_rivers_small_b, serial_shops, shop
D:4:      layout_rooms, minmay_quadrilaterals
D:5:      layout_gridville, minmay_temple_entry_mist
D:6:      layout_gridville, minmay_misc_feat_roman, nicolae_wooded_promenade
D:7:      layout_loops_cross, minmay_misc_feat_enclosed
D:8:      layout_loops_ring, grunt_temple_overflow_open,
          grunt_lair_entry_orc_guard_hut, minmay_manual_macuahuitl
Temple:   nicolae_temple_bog_church

Skill      XL: |  1  2  3  4  5  6  7  8  9 |
---------------+----------------------------+-----
Stealth        | 1 2 |  2.0
Fighting       | 3 4 5 6 |  6.0
Short Blades   | 3 4 |  4.0
Dodging        | 3 4 |  4.0
Armour         | 3 4 5 |  5.0
Throwing       | 4 |  4.0
Maces & Flails | 6 |  6.0

Action                   |  1- 3 |  4- 6 |  7- 9 || total
-------------------------+-------+-------+-------++-------
Melee: Rapier            |   173 |   130 |   197 ||   500
       Punch             |     3 |     1 |     7 ||    11
       Whip              |       |       |   117 ||   117
Throw: Javelin           |     1 |     1 |     1 ||     3
       Boomerang         |       |     5 |     2 ||     7
       Dart              |       |     4 |     2 ||     6
       Throwing net      |       |       |     3 ||     3
Evoke: Wand              |       |       |     1 ||     1
  Use: Potion            |     2 |       |     3 ||     5
       Scroll            |    11 |     4 |     2 ||    17
 Stab: Sleeping          |     4 |     4 |     3 ||    11
       Distracted        |       |       |     1 ||     1
       Held in net/web   |       |       |     1 ||     1
Armor: Leather armour    |    42 |       |       ||    42
       Ring mail         |    32 |    56 |   172 ||   260
Dodge: Dodged            |   132 |    64 |   211 ||   407

Table legend: (Time is in decaauts)
 A = Elapsed time spent in this place.
 B = Non-inter-level travel time spent in this place.
 C = Inter-level travel time spent in this place.
 D = Time resting spent in this place.
 E = Time spent auto-exploring this place.
 F = Levels seen in this place.
 G = Mean time per level.
                   A        B        C        D        E       F      G
               +--------+--------+--------+--------+--------+-----+--------+
         Total |   9440 |   9175 |    265 |   2401 |   5424 |   9 | 1048.9 |
       Dungeon |   9261 |   9032 |    229 |   2401 |   5298 |   8 | 1157.6 |
        Temple |    178 |    143 |     35 |      0 |    126 |   1 |  178.0 |
               +--------+--------+--------+--------+--------+-----+--------+

Top non-repeatable levels by time:
     D:1: 1799 daAuts
     D:6: 1641 daAuts
     D:5: 1168 daAuts
     D:4: 1098 daAuts
     D:3: 1085 daAuts
     D:7: 1070 daAuts
     D:2: 762 daAuts
     D:8: 634 daAuts
  Temple: 178 daAuts
